elenmirie, chaotic female elven Wizard ------ ----- |....| |...| |<...+ |...| |....| |...| #---.-- |...| #### ## |...| `# # -.--- #### ### ## ## # # # ## ### #### +# I ##### ## # --|------ # -------.---# ###|.......| #@### |.........|# #........| # # |.........|# |..>....-###############################` |......>...# --------- # --.-- ----------- ###|...| #..^.| |...| ----- elenmirie the Evoker Experience level: 1 Strength: 11 Dexterity: 13 Constitution: 12 Intelligence: 20 Wisdom: 11 Charisma: 10 Health: 0(11) Energy: 7(7) Def: 1 Gold: 360 Moves: 1018 Dungeon seed: aa5Qoim-hiL4q8uh Game ID: elenmirie_1466001832 Your Inventory: Coins $ - 360 gold pieces Weapons a - a blessed +1 quarterstaff (weapon in hands) Armor e - an uncursed +0 cloak of magic resistance (being worn) Comestibles x - an uncursed tripe ration Scrolls i - an uncursed scroll of confuse monster j - 2 uncursed scrolls of identify k - a blessed scroll of stinking cloud p - an uncursed scroll of amnesia t - a blessed scroll of amnesia u - an uncursed scroll of remove curse w - an uncursed scroll of enchant armor Spellbooks l - a blessed spellbook of force bolt m - an uncursed spellbook of confuse monster Potions f - an uncursed potion of gain energy g - 2 uncursed potions of invisibility h - an uncursed potion of water r - an uncursed potion of healing s - an uncursed potion of paralysis v - an uncursed potion of object detection Rings c - an uncursed ring of protection from shape changers d - an uncursed ring of warning Wands b - an uncursed wand of magic missile (0:6) Tools n - an uncursed leather drum Spells and supernatural/magical abilities: Name Level Category Fail Memory a - force bolt 1 attack 0% 95% u - confuse monster 2 enchantment 0% 95% W - pray for help -- divine ? -- Your skills at the end: Fighting Skills wands [Basic] Weapon Skills quarterstaff [Basic] Spellcasting Skills attack spells [Basic] enchantment spells [Basic] Final Attributes: You were piously aligned. You were magic-protected. You saw invisible. You had infravision. You are dead. Vanquished creatures: a coyote a gas spore a gecko a jackal 2 sewer rats a grid bug 2 lichens 2 newts 11 creatures vanquished. Voluntary challenges: You followed a strict vegan diet. You were an atheist. You used a wielded weapon 9 times, starting on turn 70. You were illiterate. You never genocided any monsters. You never polymorphed an object. You never changed form. You used no wishes. You never split a pudding. You never wrote Elbereth's name. You never violated your personal moral code. Dungeon overview: The Dungeons of Doom: levels 1 to 3 Level 1 a fountain a long staircase Level 2 Level 3 <- You were here a long staircase History has recorded: On T:1 you entered the Dungeons of Doom to retrieve the Amulet of Yendor! On T:371 you reached level 2 of The Dungeons of Doom. On T:776 you reached level 3 of The Dungeons of Doom. Score breakdown: Gold: 360 ( 8699 points) Experience: 1 level ( 0 points) Exploration: 3 levels ( 6.12%) ( 6123 points) Discoveries: 0 items ( 0.00%) ( 0 points) Valuables value: (no points given unless you survive) Artifact value: 0 ( 0 points) Variety of kills: 8 monsters ( 2.09%) ( 4335 points) Turncount: 1018 turns ( 0 points) Survival: died (score multiplied by 80%) Total score: 15325 Latest messages: You finish searching. (2x) You stop. Coco is in the way! You displace Coco. You finish searching. (3x) You displace Coco. You stop. Coco is in the way! You displace Coco. The door resists! (2x) The door opens. With great effort you move the boulder. You try to move the boulder, but in vain. (2x) You see here a potion of invisibility. g - an uncursed potion of invisibility. Suddenly, Coco disappears out of sight. This door is locked. That door is closed. (2x) You have nothing to unlock that with. This door is locked. You kill the gas spore! You kill it! You are caught in the gas spore's explosion! Final status: Goodbye elenmirie the Wizard, killed by a gas spore's explosion... You died in The Dungeons of Doom on dungeon level 3 with 15325 points, and 360 pieces of gold, after 1018 moves. You were level 1 with a maximum of 11 hit points when you died.